 Dungeon Crawl Stone Soup version 0.29.1-15-g9cfb28693d (webtiles) character file.

Game seed: 13432281118189029309

68 Arctor the Firebug (level 4, -3/24 HPs)
             Began as a Deep Elf Fire Elementalist on Feb 26, 2023.
             Slain by a gnoll
             ... wielding a +0 club
              (4 damage)
             ... on level 3 of the Dungeon.
             The game lasted 00:02:28 (3159 turns).

Arctor the Firebug (Deep Elf Fire Elementalist)     Turns: 3159, Time: 00:02:29

Health: -3/24      AC:  3    Str:  5    XL:     4   Next: 1%
Magic:  20/20      EV: 13    Int: 22    God:
Gold:   148        SH:  0    Dex: 15    Spells: 9/10 levels left

rFire   . . .      SeeInvis .   (no weapon)
rCold   . . .      Faith    .   (no shield)
rNeg    . . .      Spirit   .   a - +0 robe
rPois   .          Reflect  .   m - +1 hat
rElec   .          Harm     .   (no cloak)
rCorr   .          Rampage  .   (no gloves)
Will    .....                   (no boots)
Stlth   ++........              (no amulet)
HPRegen 0.08/turn               d - ring of magical power
MPRegen 0.17/turn               (no ring)

@: no status effects
A: no striking features
a: no special abilities


You were on level 3 of the Dungeon.
You visited 1 branch of the dungeon, and saw 3 of its levels.

You collected 148 gold pieces.

Inventory:

Armour
 a - a +0 robe (worn)
 m - a +1 hat (worn)
Jewellery
 d - a ring of magical power (left hand)
Scrolls
 f - 2 scrolls of enchant weapon {unknown}
 g - a scroll of identify {unknown}
 n - 2 scrolls of immolation {unknown}
 p - a scroll of poison {unknown}
Potions
 b - a potion of magic
 c - 2 potions of flight {unknown}
 e - 2 potions of brilliance {unknown}
 h - 2 potions of heal wounds {unknown}
 i - a potion of curing {unknown}
 j - a potion of resistance {unknown}
 k - a potion of cancellation {unknown}
 l - a potion of invisibility {unknown}
 o - 2 potions of might {unknown}


   Skills:
 * Level 0.6 Fighting
 + Level 3.0 Dodging
 + Level 3.1 Stealth
 + Level 3.7 Spellcasting
 * Level 2.1 Conjurations
 + Level 3.7 Fire Magic


You had 9 spell levels left.
You knew the following spells:

 Your Spells              Type           Power      Damage    Failure   Level
a - Foxfire               Conj/Fire      64%        2x1d7     3%          1

Your spell library contained the following spells:

 Spells                   Type           Power      Damage    Failure   Level
 Scorch                   Fire           40%        2d7       3%          2
 Conjure Flame            Conj/Fire      16%        6-21      11%         3
 Inner Flame              Hex/Fire       12%        N/A       16%         3
 Flame Wave               Conj/Fire      16%        2d7       34%         4


Dungeon Overview and Level Annotations

Branches:
Dungeon (3/15)

Altars:
The Shining One


Message History

You conjure some foxfire!
The gnoll shouts! x3
The foxfire hits the gnoll but does no damage.
The foxfire hits the gnoll.
The gnoll is lightly wounded.
The gnoll closely misses you.
You hear a shout!
Casting: Foxfire (safe; 3% risk of failure)
Confirm with . or Enter, or press ? or * to list all spells.
You conjure some foxfire!
You hear a shout! x4
The foxfire hits the gnoll.
The gnoll is moderately wounded.
The foxfire hits the gnoll.
The gnoll is moderately wounded.
The gnoll hits you from afar with a +2 vorpal spear.
The foxfire hits the gnoll.
The gnoll is moderately wounded.
The foxfire hits the gnoll.
The gnoll is severely wounded.
The gnoll hits you from afar with a +2 vorpal spear!
* * * LOW HITPOINT WARNING * * *
You climb upwards.
There is a stone staircase leading down here.
You start resting.
Magic restored.
You start resting.
HP restored.
You see here a +0 spear.
There is a stone staircase leading down here.
You climb downwards.
The gnoll misses you. The gnoll hits you but does no damage.
The gnoll hits you from afar with a +2 vorpal spear!
There is a stone staircase leading up here.
The gnoll hits you from afar with a +0 spear.
The gnoll hits you from afar with a +2 vorpal spear!
Ouch! That really hurt!
* * * LOW HITPOINT WARNING * * *
x2 The gnoll hits you with a +0 club.
You die...

# #.
##.#####
###.gg.<.#
.....g.@g#
###......#
########


You could see 4 gnolls.

Vanquished Creatures
  3 adders (D:2)
  2 worms (D:2)
  A dart slug (D:1)
  2 bats (D:2)
  2 endoplasms (D:1)
  A giant cockroach (D:1)
  4 goblins
  4 hobgoblins
  5 kobolds
  7 ball pythons
  A frilled lizard (D:1)
  2 rats
34 creatures vanquished.

Vanquished Creatures (others)
  159 foxfires
159 creatures vanquished.

Grand Total: 193 creatures vanquished

Notes
Turn   | Place    | Note
-------+----------+-------------------------------------------
     0 | D:1      | Arctor the Deep Elf Fire Elementalist began the quest for
                  | the Orb.
     0 | D:1      | Reached XP level 1. HP: 10/10 MP: 6/6
   367 | D:1      | Reached XP level 2. HP: 15/15 MP: 4/8
   588 | D:1      | Found a faded altar of an unknown god.
  1470 | D:2      | Reached XP level 3. HP: 19/19 MP: 9/9
  1869 | D:2      | Found a glowing golden altar of the Shining One.
  2645 | D:2      | Reached XP level 4. HP: 24/24 MP: 11/11
  3159 | D:3      | HP: 1/24 [gnoll/+2 vorpal spear (3)]
  3159 | D:3      | Slain by a gnoll

Illustrated notes

Levels and vault maps discovered:
D:1:      dpeg_arrival_renting, layout_basic,
          hellmonk_ecumenical_altar_arch_garden
D:2:      layout_basic, basic_altar
D:3:      layout_rooms, mainiacjoe_overflow_six_doors_small,
          gammafunk_ghost_abyssal_escape, kennysheep_another_room, uniq_jessica

Skill      XL: |  1  2  3 |
---------------+----------+-----
Stealth        | 3 |  3.1
Dodging        | 3 |  3.0
Conjurations   | 2 |  2.1
Fighting       | |  0.6
Spellcasting   | |  3.7
Fire Magic     | |  3.7

Action                   |  1- 3 |  4- 6 || total
-------------------------+-------+-------++-------
Melee: Unarmed           |     5 |       ||     5
 Cast: Foxfire           |   106 |     3 ||   109
Armor: Robe              |     4 |     1 ||     5
Dodge: Dodged            |     6 |     2 ||     8
